 Dungeon Crawl Stone Soup version 0.23-a0-642-g3120c2f5a9 (webtiles) character file.

3126 HereIgoKillingAgain the Quickloader (level 10, -4/53 HPs)
             Began as a Kobold Hunter on Dec 31, 2018.
             Was a Priest of Okawaru.
             Slain by an ogre
             ... wielding a +0 giant club
              (9 damage)
             ... on level 7 of the Dungeon.
             The game lasted 00:12:56 (9429 turns).

HereIgoKillingAgain the Quickloader (Kobold Hunter) Turns: 9429, Time: 00:12:56

Health: -4/53      AC:  5    Str: 14    XL:     10   Next: 14%
Magic:  10/10      EV: 15    Int: 18    God:    Okawaru [***...]
Gold:   185        SH:  0    Dex: 15    Spells: 9/9 levels left

rFire    + . .     SeeInvis .   C - +5 hunting sling "Zeyn" {freeze, *Slow Int+6}
rCold    + . .     Gourm    .   (shield restricted)
rNeg     . . .     Faith    .   G - +0 leather armour (curse)
rPois    .         Spirit   .   (no helmet)
rElec    .         Reflect  .   i - scarf {rC+ rF+}
rCorr    .         Harm     .   p - +1 pair of gloves
MR       .....                  (no boots)
Stlth    +++.......             (no amulet)
HPRegen  0.17/turn              w - ring of stealth
MPRegen  0.12/turn              (no ring)

@: about to teleport
A: small, carnivore
a: Heroism, Renounce Religion


You were on level 7 of the Dungeon.
You worshipped Okawaru.
Okawaru was most pleased with you.
You were very hungry.

You visited 2 branches of the dungeon, and saw 8 of its levels.
You also visited: Sewer and Ossuary.

You collected 365 gold pieces.
You spent 180 gold pieces at shops.

Inventory:

Hand Weapons
 a - a +1 hand crossbow
 b - a +1 dagger of venom
 C - the +5 hunting sling "Zeyn" (weapon) {freeze, *Slow Int+6}
   (You found it on level 5 of the Dungeon)

   It causes projectiles fired from it to freeze those they strike, causing
   extra injury to most foes and up to half again as much damage against
   particularly susceptible opponents.
   They can also slow down cold-blooded creatures.
   It affects your intelligence (+6).
   It may slow you when you take damage.
Missiles
 d - 6 bolts
 x - 70 sling bullets (quivered)
Armour
 c - a +0 leather armour
 i - a scarf of resistance (worn)
 p - a +1 pair of gloves (worn)
 G - a cursed +0 leather armour (worn)
Jewellery
 w - a ring of stealth (left hand)
Wands
 q - a wand of scattershot (2)
 z - a wand of random effects (16)
Scrolls
 e - 5 scrolls of remove curse
 g - 3 scrolls of enchant armour
 h - 5 scrolls of enchant weapon
 m - a scroll of fog
 r - 2 scrolls of immolation
 v - 3 scrolls of identify
 y - 4 scrolls of fear {unknown}
 E - a scroll of amnesia {unknown}
Potions
 j - 2 potions of agility
 k - 4 potions of brilliance
 l - a potion of degeneration {unknown}
 o - a potion of resistance
 s - a potion of haste
 t - 4 potions of flight
 u - 3 potions of mutation
 A - 7 potions of curing
 B - a potion of invisibility {unknown}
 D - a potion of heal wounds
 F - a potion of berserk rage {unknown}
Comestibles
 f - 16 rations


   Skills:
 - Level 2.1 Fighting
 + Level 7.3 Slings
 + Level 13.7 Crossbows
 - Level 2.4 Dodging
 - Level 1.3 Stealth


You had 9 spell levels left.
You didn't know any spells.
Your spell library was empty.

Dungeon Overview and Level Annotations

Branches:
Dungeon (7/15)             Temple (1/1) D:5

Altars:
Elyvilon
Fedhas
Kikubaaqudgha
Okawaru
Ru

Shops:
D:4 }(=!:

Annotations:
D:7 Harold


Innate Abilities, Weirdness & Mutations

You are small and have problems with some larger weapons.
You are carnivorous and can eat meat at any time.


Message History

You struggle against the net.
You struggle against the net.
The gnoll shouts!
Harold gestures at you while chanting. The harpoon shot hits you!
You are yanked forward by the harpoon shot.
A gnoll comes into view. It is wielding a +0 flail.
Found a stone staircase leading down.
A hound skeleton comes into view.
The ogre misses you. Harold casts a spell at you. The harpoon shot hits you!
You are yanked forward by the harpoon shot.
An orc comes into view.
The ogre hits you with a +0 giant club! The gnoll closely misses you.
Harold hits you from afar with a +2 trident of piercing!
* * * LOW HITPOINT WARNING * * *
x2
As you read the scroll of teleportation, it crumbles to dust.
You feel strangely unstable. The ogre hits you with a +0 giant club!
You die...

##.##.##.# .# .........
.)รท##.# ....# .........
#..##.###...#####....o...
........................>
..##...##.#........(.....
.###...#..##. ...Z.......
............. #..@......
....##.#..### ##g........
###.......# ###.@Og:(....
###..#.##..##...#)..(....
........##....#.)(......#
.........##...()#####...#
####..........###. ....
###................ ..#
##..##....####....# ..
...........# ###.#
..####.....######.#


You could see Harold, an ogre, 2 gnolls, an orc (wandering) and a hound
skeleton.

Vanquished Creatures
  Pikel (D:6)
  Prince Ribbit (D:5)
  An orc warrior (D:7)
  2 sky beasts (D:5)
  An ice beast (D:5)
  2 slaves (D:6)
  3 ogres
  A centaur (D:6)
  A big kobold (Sewer)
  Blork the orc (D:6)
  A gnoll sergeant (D:7)
  2 scorpions
  5 wights (D:6)
  A howler monkey (D:6)
  A crimson imp (D:7)
  A hound (D:5)
  A bullfrog skeleton (D:5)
  6 orc wizards
  An orc priest (D:5)
  A jelly (D:7)
  2 iguanas (D:5)
  Jessica (D:3)
  Crazy Yiuf (D:5)
  3 worker ants
  Natasha (thrice) (D:2)
  15 mummies
  A howler monkey zombie (D:7)
  8 adders
  17 gnolls
  A river rat (Sewer)
  A shadow imp (D:5)
  2 oozes
  3 worms
  A dart slug (D:1)
  7 leopard geckos
  34 orcs
  2 ball pythons (D:2)
  8 giant cockroaches
  10 goblins
  13 hobgoblins
  10 jackals
  19 kobolds
  3 quokkas
  6 bats
  5 frilled lizards
  6 gnoll skeletons (Ossuary)
  2 orc skeletons (Ossuary)
  A quokka skeleton (D:5)
  13 rats
  11 rat skeletons (Ossuary)
243 creatures vanquished.

Vanquished Creatures (others)
  A centaur (D:6)
1 creature vanquished.

Grand Total: 244 creatures vanquished

Notes
Turn   | Place    | Note
-------+----------+-------------------------------------------
     0 | D:1      | HereIgoKillingAgain the Kobold Hunter began the quest for
                  | the Orb.
     0 | D:1      | Reached XP level 1. HP: 12/12 MP: 1/1
    13 | D:1      | Reached skill level 5 in Crossbows
   150 | D:1      | Reached XP level 2. HP: 14/17 MP: 2/2
   621 | D:1      | Reached skill level 6 in Crossbows
   621 | D:1      | Reached XP level 3. HP: 9/21 MP: 3/3
  1526 | D:2      | Reached XP level 4. HP: 26/26 MP: 4/4
  1560 | D:2      | Found an ancient bone altar of Kikubaaqudgha.
  1630 | D:2      | Found an iron altar of Okawaru.
  1657 | D:2      | Became a worshipper of Warmaster Okawaru
  1763 | D:2      | Reached skill level 7 in Crossbows
  1940 | D:2      | Noticed Natasha
  1950 | D:2      | Killed Natasha
  1950 | D:2      | Reached XP level 5. HP: 23/30 MP: 5/5
  2023 | D:2      | Noticed Natasha
  2059 | D:2      | Killed Natasha
  2346 | D:3      | Reached skill level 8 in Crossbows
  2464 | D:3      | Found a white marble altar of Elyvilon.
  2596 | D:3      | Reached XP level 6. HP: 25/35 MP: 6/6
  2733 | D:3      | Found a glowing drain.
  2751 | Sewer    | Entered a sewer
  2837 | Sewer    | Reached skill level 9 in Crossbows
  3016 | Sewer    | Found a white marble altar of Elyvilon.
  3098 | D:3      | Noticed Jessica
  3104 | D:3      | Killed Jessica
  3231 | D:2      | Reached XP level 7. HP: 14/40 MP: 7/7
  3649 | D:3      | Found a blossoming altar of Fedhas.
  3656 | D:3      | Found a sacrificial altar of Ru.
  4263 | D:4      | Found Adeiwog's Jewellery Boutique.
  4310 | D:4      | Reached * piety under Okawaru
  4310 | D:4      | Reached skill level 10 in Crossbows
  4589 | D:4      | Found Nyunij's Distillery.
  4681 | D:4      | Found Ydaatoargh's Book Shop.
  4769 | D:4      | Found Feasuywa's Antique Weapon Shop.
  4806 | D:4      | Found Yrutso's Gadget Shop.
  5182 | D:4      | Bought a potion of heal wounds for 60 gold pieces
  5182 | D:4      | Bought a potion of heal wounds for 60 gold pieces
  5182 | D:4      | Bought a potion of heal wounds for 60 gold pieces
  5190 | D:5      | Entered Level 5 of the Dungeon
  5239 | D:5      | Found a staircase to the Ecumenical Temple.
  5244 | D:5      | Reached skill level 11 in Crossbows
  5244 | D:5      | Reached XP level 8. HP: 37/44 MP: 8/8
  5344 | D:5      | Found a sand-covered staircase.
  5362 | Ossuary  | Entered an ossuary
  6125 | D:5      | Got a translucent hunting sling
  6142 | D:5      | Noticed Prince Ribbit
  6168 | D:5      | Killed Prince Ribbit
  6168 | D:5      | Reached skill level 12 in Crossbows
  6308 | D:5      | Identified the +5 hunting sling "Zeyn" {freeze, *Slow
                  | Int+6} (You found it on level 5 of the Dungeon)
  6385 | D:5      | HP: 2/44 [ogre/+0 giant spiked club (23)]
  6605 | D:2      | Noticed Natasha
  6609 | D:2      | Killed Natasha
  6609 | D:2      | Reached ** piety under Okawaru
  6853 | D:5      | Reached XP level 9. HP: 47/48 MP: 9/9
  7327 | D:5      | Reached skill level 5 in Slings
  7657 | D:5      | Found a runed door.
  7831 | D:5      | Noticed Crazy Yiuf
  7832 | D:5      | Killed Crazy Yiuf
  7997 | Temple   | Entered the Ecumenical Temple
  8244 | D:6      | Noticed Pikel
  8266 | D:6      | Killed Pikel
  8266 | D:6      | Reached *** piety under Okawaru
  8266 | D:6      | Reached skill level 13 in Crossbows
  8799 | D:6      | Noticed Blork the orc
  8810 | D:6      | Killed Blork the orc
  8847 | D:6      | Reached XP level 10. HP: 53/53 MP: 10/10
  9031 | D:7      | Received a gift from Okawaru
  9422 | D:7      | Noticed Harold
  9429 | D:7      | Slain by an ogre

Vault maps used:
D:1:      nicolae_arrival_washed_ashore, grunt_decor_resistance
D:2:      kiku_gazebo_pond_becter, serial_glass, glass_columns_a,
          glass_columns_b, glass_columns_b, glass_columns_a, glass_columns_a,
          glass_columns_a, okawaru_altar_gauntlet_db, uniq_natasha
D:3:      overflow_temple_1_default, amethyst_overflow_temple_binary,
          first_ration, serial_rivers, chequers_serial_rivers_small_3,
          chequers_serial_rivers_marsh, chequers_serial_rivers_micro_c,
          chequers_serial_rivers_room_a, chequers_serial_rivers_small_a,
          gup_sewer_entry_pipe, uniq_jessica
D:4:      serial_shops, nicolae_shop_waterfront, nicolae_shop_behind_doors,
          shop_fountains, shop_statue, kennysheep_mini
D:5:      minmay_temple_entry_antechambers, gup_ossuary_entry_pyramid,
          chequers_serial_rivers_micro_e, kennysheep_generic_room_9,
          uniq_prince_ribbit1, uniq_crazy_yiuf_cottage
D:6:      uniq_pikel, uniq_blork_the_orc
D:7:      uniq_duvessa, uniq_harold
Temple:   hc_temple_tempest_star
Sewer:    sewer_kobolds
Ossuary:  ossuary_due_small_catacomb

Skill      XL: |  1  2  3  4  5  6  7  8  9 10 |
---------------+-------------------------------+-----
Crossbows      | 5 6 7 8 9 11 12 13 | 13.7
Slings         | 3 6 7 |  7.3
Fighting       | |  2.1
Dodging        | |  2.4
Stealth        | |  1.3

Action                   |  1- 3 |  4- 6 |  7- 9 | 10-12 || total
-------------------------+-------+-------+-------+-------++-------
Melee: Short sword       |   111 |     9 |       |       ||   120
       Dagger            |       |   237 |   194 |       ||   431
 Fire: Hand crossbow     |     9 |    14 |    94 |       ||   117
       Hunting sling     |       |       |   166 |    92 ||   258
Invok: Heroism           |       |       |     1 |       ||     1
  Use: Potion            |       |     2 |     7 |       ||     9
       Scroll            |       |     1 |    17 |     1 ||    19
 Stab: Sleeping          |       |     1 |     3 |       ||     4
  Eat: Chunk             |     1 |    13 |    12 |       ||    26
Armor: Leather armour    |    42 |    54 |    56 |       ||   152
       Skin              |       |       |     9 |       ||     9
Dodge: Dodged            |   121 |   192 |   117 |    11 ||   441

Table legend:
 A = Non-vault XP
 B = Vault XP
 C = Vault XP percentage of total XP
 D = Non-vault monster count
 E = Vault monster count
 F = Vault count percentage of total count
                 A         B        C        D         E       F
            +---------+---------+-------+---------+---------+-------
      Total |    2902 |    1565 |  35.0 |     178 |      63 |  26.1
            +---------+---------+-------+---------+---------+-------
        D:1 |      58 |       0 |   0.0 |      28 |       0 |   0.0
        D:2 |     160 |      57 |  26.3 |      32 |       7 |  17.9
        D:3 |     105 |      50 |  32.3 |      23 |       6 |  20.7
        D:4 |     316 |       0 |   0.0 |      16 |       0 |   0.0
        D:5 |    1047 |     328 |  23.9 |      38 |       3 |   7.3
        D:6 |     665 |     731 |  52.4 |      14 |       2 |  12.5
        D:7 |     551 |       0 |   0.0 |      27 |       0 |   0.0
      Sewer |       0 |     130 | 100.0 |       0 |      12 | 100.0
    Ossuary |       0 |     269 | 100.0 |       0 |      33 | 100.0
            +---------+---------+-------+---------+---------+-------
